 Dungeon Crawl Stone Soup version 0.22-a0-782-g038298e (webtiles) character file.

49 Kuinu the Firebug (level 3, -2/26 HPs)
             Began as a Draconian Fire Elementalist on July 20, 2018.
             Slain by an adder (3 damage)
             ... on level 2 of the Dungeon.
             The game lasted 00:04:19 (1776 turns).

Kuinu the Firebug (Draconian Fire Elementalist)     Turns: 1776, Time: 00:04:20

Health: -2/26      AC:  5    Str: 10    XL:     3   Next: 51%
Magic:  3/7        EV: 12    Int: 16    God:
Gold:   67         SH:  0    Dex: 11    Spells: 4/7 levels left

rFire    . . .     SeeInvis .   (no weapon)
rCold    . . .     Gourm    .   (no shield)
rNeg     . . .     Faith    .   (armour unavailable)
rPois    .         Spirit   .   (helmet restricted)
rElec    .         Reflect  .   (no cloak)
rCorr    .         Harm     .   (no gloves)
MR       +....     Clarity  +   (no boots)
Stlth    ++........             (no amulet)
HPRegen  0.08/turn              (no ring)
MPRegen  0.10/turn              (no ring)

@: lethally poisoned (-2 -> -4)
A: unfitting armour, horns 1, clarity, high mp 1, magic resistance 1,
cold-blooded, AC +5
a: no special abilities


You were on level 2 of the Dungeon.
You were not hungry.

You visited 1 branch of the dungeon, and saw 2 of its levels.

You collected 67 gold pieces.

Inventory:

Scrolls
 a - a scroll of noise {unknown}
 c - a scroll of identify {unknown}
 d - a scroll of immolation {unknown}
 g - a scroll of teleportation {unknown}
 i - a scroll of remove curse {unknown}
Comestibles
 b - 5 rations
 f - 3 chunks of flesh


   Skills:
 + Level 2.1 Dodging
 + Level 2.1 Stealth
 * Level 2.5 Spellcasting
 + Level 1.5 Conjurations
 * Level 3.5 Fire Magic


You had 4 spell levels left.
You knew the following spells:

 Your Spells              Type           Power        Failure   Level  Hunger
a - Flame Tongue          Conj/Fire      ##...        7%          1    #......
b - Throw Flame           Conj/Fire      ##....       11%         2    ##.....

Your spell library contained the following spells:

 Spells                   Type           Power        Failure   Level  Hunger
 Fireball                 Conj/Fire      ##........   89%         5    ######.
 Conjure Flame            Conj/Fire      ##......     22%         3    ###....
 Sticky Flame             Conj/Fire      ##......     56%         4    #####..
 Inner Flame              Hex/Fire       #.......     28%         3    ###....


Dungeon Overview and Level Annotations

Branches:
Dungeon (2/15)

Altars:


Innate Abilities, Weirdness & Mutations

Your plain brown scales are hard. (AC +5)
You cannot fit into any form of body armour.
You are cold-blooded and may be slowed by cold attacks.
You have a pair of small horns on your head.
You possess an exceptional clarity of mind.
You have an increased reservoir of magic. (+10% MP)
You are resistant to hostile enchantments. (MR+)


Message History

The adder closely misses you.
You aren't carrying any potions.
Casting: Flame Tongue (safe; 7% risk of failure)
Confirm with . or Enter, or press ? or * to list all spells.
Aiming: Flame Tongue (safe; 7% risk of failure)
Press: ? - help, Shift-Dir - straight line, f/p - adder
Aim: an adder (lightly wounded)
The flame tongue misses the adder.
The flame tongue hits the rat.
You kill the rat!
* * * LOW HITPOINT WARNING * * *
You feel sick. The adder misses you.
Casting: Flame Tongue (safe; 7% risk of failure)
Confirm with . or Enter, or press ? or * to list all spells.
Aiming: Flame Tongue (safe; 7% risk of failure)
Press: ? - help, Shift-Dir - straight line, f/p - adder
Aim: an adder (lightly wounded)
The flame tongue hits the adder.
The adder is almost dead.
The adder bites you.
You die...

# #. #### #####.##########.
#... ................. #...
##.#.#...###############...
.........[.@S....)..........
.##.#.#.....#############.##
#.###..........# #.#
#.###..........# #.#
#...<.....)....# #.#
#######..).....# #†#
..............# #..
.#####..####### #... #...#
....


You could see an adder.

Vanquished Creatures
  2 adders (D:2)
  A leopard gecko (D:1)
  A ball python (D:1)
  7 bats
  2 goblins (D:2)
  7 hobgoblins
  3 kobolds (D:1)
  2 frilled lizards (D:1)
  4 rats
29 creatures vanquished.

Notes
Turn   | Place    | Note
-------+----------+-------------------------------------------
     0 | D:1      | Kuinu the Draconian Fire Elementalist began the quest for the Orb.
     0 | D:1      | Reached XP level 1. HP: 14/14 MP: 3/3
    65 | D:1      | Reached XP level 2. HP: 20/20 MP: 3/5
    69 | D:1      | Learned a level 2 spell: Throw Flame
  1413 | D:2      | Reached XP level 3. HP: 16/26 MP: 0/6
  1773 | D:2      | Gained mutation: You have an increased reservoir of magic. (+10% MP) [potion of mutation]
  1773 | D:2      | Gained mutation: You have a pair of small horns on your head. [potion of mutation]
  1773 | D:2      | Gained mutation: You are resistant to hostile enchantments. (MR+) [potion of mutation]
  1773 | D:2      | Gained mutation: You possess an exceptional clarity of mind. [potion of mutation]
  1775 | D:2      | HP: 1/26 [poisoned by an adder]
  1776 | D:2      | Slain by an adder

Vault maps used:
D:1:      dpeg_arrival_line_fractal
D:2:      grunt_ministairs_1

Skill      XL: |  1  2 |
---------------+-------+-----
Dodging        | 2 |  2.1
Stealth        | 2 |  2.1
Spellcasting   | |  2.5
Conjurations   | |  1.5
Fire Magic     | |  3.5

Action                   || total
-------------------------++-------
Melee: Unarmed           ||    62
       Tailslap          ||     7
 Cast: Flame Tongue      ||    33
       Throw Flame       ||     4
  Use: Potion            ||     2
  Eat: Chunk             ||     3
Armor: Skin              ||    26
Dodge: Dodged            ||    55

Table legend:
 A = Spawn XP
 B = Non-spawn XP
 C = Spawn XP percentage of total XP
 D = Spawn monster count
 E = Non-spawn monster count
 F = Spawn count percentage of total count
 G = Total turns spent on level
                    A         B        C        D         E        F      G
               +---------+---------+-------+---------+---------+-------+---------
         Total |       0 |      70 |   0.0 |       0 |      29 |   0.0 |  1776
               +---------+---------+-------+---------+---------+-------+---------
           D:1 |       0 |      26 |   0.0 |       0 |      17 |   0.0 |  1379
           D:2 |       0 |      44 |   0.0 |       0 |      12 |   0.0 |   397
               +---------+---------+-------+---------+---------+-------+---------
